 Dungeon Crawl Stone Soup version 0.31-a0-187-gba352fbbf7 (webtiles) character file.

Game seed: 8991358111334083386

702 qw the Skirmisher (level 7, 0/41 HPs)
             Began as a Deep Elf Hunter on June 22, 2023.
             Succumbed to a scorpion's poison
             ... on level 5 of the Dungeon.
             The game lasted 00:01:30 (3829 turns).

qw the Skirmisher (Deep Elf Hunter)                 Turns: 3829, Time: 00:01:31

Health: 0/41       AC:  6    Str: 16    XL:     7   Next: 39%
Magic:  9/9        EV: 12    Int: 14    God:
Gold:   83         SH:  5    Dex: 18    Spells: 6/6 levels left

rFire   . . .        Y - +0 shortbow
rCold   . . .        (shield currently unavailable)
rNeg    . . .        d - +0 ring mail
rPois   .            (no helmet)
rElec   .            (no cloak)
rCorr   .            b - +0 pair of gloves
SInv    .            (no boots)
Will    .....        i - amulet of reflection
Stlth   +            k - +6 ring of strength
HPRegen 0.26/turn    (no ring)
MPRegen 0.11/turn

%: reflection
@: lethally poisoned (0 -> -4)
A: no striking features
a: no special abilities


You were on level 5 of the Dungeon.
You visited 1 branch of the dungeon, and saw 5 of its levels.

You collected 250 gold pieces.
You spent 167 gold pieces at shops.


   Skills:
 - Level 3.4 Fighting
 + Level 10.6 Ranged Weapons
 - Level 3.1 Dodging
 - Level 1.2 Stealth


You had 6 spell levels left.
You didn't know any spells.
Your spell library was empty.

Inventory:

Hand Weapons
 Y - a +0 shortbow (weapon)
Armour
 b - a +0 pair of gloves (worn)
 d - a +0 ring mail (worn)
 h - a +1 robe of fire resistance
Jewellery
 i - an amulet of reflection (around neck)
 k - a +6 ring of strength (left hand)
Scrolls
 a - a scroll of identify
Potions
 e - a potion of resistance
 f - a potion of enlightenment
 g - a potion of brilliance {unknown}
 j - a potion of haste
 l - a potion of ambrosia {unknown}

Dungeon Overview and Level Annotations

Branches:
Dungeon (5/15)
 Temple: D:4-7

Altars:
Gozag

Shops:
D:4 *

Annotations:
D:4 1 runed translucent door, Crazy Yiuf


Message History

The scorpion is severely wounded.
You feel very sick. The scorpion barely misses you. The scorpion stings you.
You are more poisoned.
The scorpion poisons you!
You shoot an arrow.
The arrow hits the scorpion but does no damage.
The scorpion is severely wounded.
You feel very sick.
The scorpion stings you but does no damage.
You shoot an arrow. The arrow closely misses the scorpion.
The arrow hits the scorpion.
The scorpion is severely wounded.
You feel very sick. The scorpion closely misses you.
You shoot an arrow.
The arrow hits the scorpion but does no damage.
The scorpion is heavily wounded.
You feel very sick. The scorpion barely misses you.
You shoot an arrow. The arrow closely misses the scorpion.
The arrow hits the scorpion.
The scorpion is severely wounded.
You feel sick. The scorpion stings you.
You shoot an arrow.
The arrow closely misses the scorpion. x2
You feel sick.
The scorpion stings you but does no damage.
3827 ||| READING scroll of teleportation.
As you read the scroll of teleportation, it crumbles to dust.
You feel strangely unstable.
You feel sick. The scorpion stings you.
You shoot an arrow. The arrow hits the scorpion.
The scorpion is severely wounded.
You feel sick. You block the scorpion's attack.
You shoot an arrow. The arrow hits the scorpion.
The scorpion is almost dead.
Your surroundings suddenly seem different.
An ice beast comes into view.
Found a potion of resistance.
Found a stone staircase leading up.
You die...

#. #.########
.........#
.........#####
....!........
#........#
#........#
#....@...#
#........#
#..........#
####.......#
#<.......+
##.......#
#.......#
#..Y....#


You could see an ice beast (asleep).

Vanquished Creatures
  Grinder (D:4)
  Menkaure (D:4)
  A scorpion (D:5)
  An orc priest (D:4)
  2 iguanas
  Terence (D:3)
  2 orc wizards (D:4)
  A gnoll (D:1)
  6 adders
  A dart slug (D:5)
  9 orcs
  9 ball pythons
  5 endoplasms
  6 giant cockroaches
  4 hobgoblins
  9 jackals
  4 kobolds
  8 quokkas
  6 bats
  4 frilled lizards
  5 goblins
  9 rats
95 creatures vanquished.

Notes
Turn   | Place    | Note
-------+----------+-------------------------------------------
     0 | D:1      | qw the Deep Elf Hunter began the quest for the Orb.
     0 | D:1      | Reached XP level 1. HP: 12/12 MP: 3/3
     0 | D:1      | 0 ||| qw: Version: 0.3-a-9-g12657ce
     0 | D:1      | 0 ||| qw: Game counter: 2531
     0 | D:1      | 0 ||| qw: Always use a shield: true
     0 | D:1      | 0 ||| qw: God list: Okawaru
     0 | D:1      | 0 ||| qw: Allow faded altars: false
     0 | D:1      | 0 ||| qw: Do Orc after D:15 true
     0 | D:1      | 0 ||| qw: Do second Lair branch before Depths: true
     0 | D:1      | 0 ||| qw: Lair rune preference: random
     0 | D:1      | 0 ||| qw: Plans: Normal
     0 | D:1      | 0 ||| PLANNING D:1-11
   142 | D:1      | Reached skill level 6 in Ranged Weapons
   142 | D:1      | Reached XP level 2. HP: 16/16 MP: 4/4
   265 | D:1      | Reached XP level 3. HP: 20/20 MP: 5/5
   604 | D:1      | 604 ||| READING 4 scrolls labelled TIWAARE UGOZ.
   605 | D:1      | 605 ||| READING scroll labelled SIALOW PUGUZIA.
   608 | D:1      | 608 ||| DRINKING 2 golden potions.
   660 | D:1      | 660 ||| DROPPING scroll of butterflies.
   661 | D:1      | 661 ||| DROPPING potion of lignification.
   815 | D:2      | Reached skill level 7 in Ranged Weapons
  1348 | D:2      | Reached XP level 4. HP: 25/25 MP: 6/6
  1499 | D:2      | 1499 ||| READING scroll labelled ASSU DISOMACK.
  1500 | D:2      | 1500 ||| READING 3 scrolls of identify.
  1500 | D:2      | 1500 ||| IDENTIFYING lumpy amethyst potion
  1521 | D:3      | 1521 ||| PLANNING SEWER
  1528 | D:3      | 1528 ||| STAIRDANCE
  1877 | D:3      | Reached skill level 8 in Ranged Weapons
  2156 | D:3      | Noticed Terence
  2168 | D:3      | Killed Terence
  2169 | D:3      | Reached XP level 5. HP: 13/29 MP: 7/7
  2243 | D:3      | Found an opulent altar of Gozag.
  2261 | D:3      | Found a faded altar of an unknown god.
  2307 | D:3      | 2307 ||| RIP SEWER
  2309 | D:3      | 2309 ||| PLANNING D:1-11
  2479 | D:3      | 2479 ||| UPGRADING to +0 ring mail.
  2489 | D:3      | 2489 ||| DROPPING +0 leather armour.
  2490 | D:3      | 2490 ||| UPGRADING to amulet of regeneration.
  2495 | D:3      | 2495 ||| UPGRADING to amulet of reflection.
  2505 | D:3      | 2505 ||| DROPPING amulet of regeneration.
  2506 | D:3      | 2506 ||| READING scroll labelled DUYTTE ZEXTEUC.
  2507 | D:3      | 2507 ||| READING scroll labelled AFUCEN KEOMM.
  2508 | D:3      | 2508 ||| DRINKING 2 glowing coppery potions.
  2509 | D:3      | 2509 ||| READING 3 scrolls of identify.
  2509 | D:3      | 2509 ||| IDENTIFYING bubbling silvery potion
  2510 | D:3      | 2510 ||| DROPPING potion of degeneration.
  2551 | D:4      | Noticed Menkaure
  2560 | D:4      | Killed Menkaure
  2561 | D:4      | Reached skill level 9 in Ranged Weapons
  2561 | D:4      | Reached XP level 6. HP: 34/34 MP: 8/8
  2577 | D:4      | Noticed Grinder
  2587 | D:4      | Paralysed by Grinder for 3 turns
  2595 | D:4      | Killed Grinder
  2596 | D:4      | Reached skill level 3 in Fighting
  2705 | D:4      | 2705 ||| DRINKING potion of curing.
  2705 | D:4      | 2705 ||| (to cure confusion)
  2716 | D:4      | Reached XP level 7. HP: 21/41 MP: 9/9
  2849 | D:4      | HP: 4/41 [orc priest/divine providence (10)]
  2856 | D:4      | HP: 5/41 [orc priest/+0 short sword (1)]
  2861 | D:4      | Reached skill level 10 in Ranged Weapons
  3020 | D:4      | Found Quteasch's Assorted Antiques.
  3030 | D:4      | 3030 ||| BUYING bubbling black potion (19 gold).
  3030 | D:4      | Bought a bubbling black potion for 19 gold pieces
  3030 | D:4      | 3030 ||| BUYING clear potion (19 gold).
  3030 | D:4      | Bought a clear potion for 19 gold pieces
  3030 | D:4      | 3030 ||| BUYING gilded ring (110 gold).
  3030 | D:4      | Bought a gilded ring for 110 gold pieces
  3030 | D:4      | 3030 ||| BUYING murky inky potion (19 gold).
  3030 | D:4      | Bought a murky inky potion for 19 gold pieces
  3030 | D:4      | 3030 ||| SHOPLISTING pair of boots (99 gold, have 33).
  3030 | D:4      | 3030 ||| SHOPLISTING runed brass wand (88 gold, have 33).
  3030 | D:4      | 3030 ||| SHOPLISTING scroll of identify (44 gold, have 33).
  3030 | D:4      | 3030 ||| SHOPLISTING scroll of teleportation (66 gold, have
                  | 33).
  3030 | D:4      | 3030 ||| SHOPLISTING slimy turquoise ring (110 gold, have
                  | 33).
  3273 | D:4      | Reached skill level 3 in Dodging
  3532 | D:4      | Found a runed translucent door.
  3533 | D:4      | Noticed Crazy Yiuf
  3566 | D:4      | 3566 ||| UPGRADING to +0 pair of gloves.
  3571 | D:4      | 3571 ||| UPGRADING to +6 ring of strength.
  3572 | D:4      | 3572 ||| READING scroll labelled SAYTOV KYUX.
  3573 | D:4      | 3573 ||| READING scroll labelled JAUHUO UNECW.
  3574 | D:4      | 3574 ||| DRINKING 2 pink potions.
  3575 | D:4      | 3575 ||| READING 2 scrolls of identify.
  3575 | D:4      | 3575 ||| IDENTIFYING bubbling black potion
  3658 | D:5      | Entered Level 5 of the Dungeon
  3826 | D:5      | HP: 9/41 [poisoned by a scorpion]
  3827 | D:5      | 3827 ||| READING scroll of teleportation.
  3827 | D:5      | HP: 2/41 [scorpion (6)]
  3829 | D:5      | Succumbed to a scorpion's poison

Levels and vault maps discovered:
D:1:      saegor_arrival_simple_b, layout_loops_ring
D:2:      layout_basic, dreamdust_mushroom_princess
D:3:      layout_loops_cross, grunt_gozag_breadcrumbs, portal_sewer_entry_d,
          hellmonk_ecumenical_altar_dog_temple, minmay_quadrilaterals,
          uniq_terence
D:4:      layout_loops_ring, serial_shops, shop, serial_park_tiny_pond,
          kennysheep_generic_room_7, uniq_grinder, uniq_menkaure,
          uniq_crazy_yiuf_cottage
D:5:      layout_basic

Skill      XL: |  1  2  3  4  5  6  7 |
---------------+----------------------+-----
Ranged Weapons | 6 7 8 9 10 | 10.6
Fighting       | 3 |  3.4
Dodging        | 3 |  3.1
Stealth        | |  1.2

Action                     |  1- 3 |  4- 6 |  7- 9 || total
---------------------------+-------+-------+-------++-------
   Fire: Shortbow          |   119 |   151 |   107 ||   377
    Use: Scroll            |     2 |     5 |     4 ||    11
         Potion            |     1 |     2 |     1 ||     4
 Armour: Leather armour    |    11 |    12 |       ||    23
         Ring mail         |       |     7 |    13 ||    20
  Dodge: Dodged            |    25 |    44 |    28 ||    97
  Block: Other             |       |     3 |     8 ||    11

Table legend:
 A = Non-vault XP
 B = Vault XP
 C = Vault XP percentage of total XP
 D = Non-vault monster count
 E = Vault monster count
 F = Vault count percentage of total count
                 A         B        C        D         E       F
            +---------+---------+-------+---------+---------+-------
      Total |     447 |     557 |  55.5 |      77 |      18 |  18.9
            +---------+---------+-------+---------+---------+-------
        D:1 |      53 |       0 |   0.0 |      25 |       0 |   0.0
        D:2 |      58 |       0 |   0.0 |      22 |       0 |   0.0
        D:3 |      29 |      71 |  71.0 |      13 |      14 |  51.9
        D:4 |     172 |     486 |  73.9 |      13 |       4 |  23.5
        D:5 |     135 |       0 |   0.0 |       4 |       0 |   0.0
            +---------+---------+-------+---------+---------+-------
